[Event "fics rated crazyhouse match"]
[Site "fics, Oklahoma City, OK USA"]
[Date "2001.01.26"]
[White "RFrancisco"]
[WhiteElo "2427"]
[Black "KnightDog"]
[BlackElo "2358"]
[TimeControl "60+0"]
[Result "0-1"]

1. e4 b6 2. d4 Bb7 3. Bd3 e6 4. f4 Nc6 5. c3 d5 6. e5 
Nge7 7. Nf3 Nf5 8. O-O Be7 9. Bxf5 exf5 10. N@h5 Rg8 11. Ng5 B@g4 
12. Qxg4 fxg4 13. Nxh7 Q@g6 14. N7f6+ gxf6 15. Nxf6+ Bxf6 16. exf6 g3 17. B@f3 
gxh2+ 18. Kf2 N@e4+ 19. Bxe4 dxe4 20. N@g7+ Rxg7 21. fxg7 N@d3+ 22. Ke2 Qxg2+ 
23. R@f2 P@f3+ 24. Kd1 P@e2+ 25. Kc2 B@d1+ 26. Rxd1 exd1=Q+ 27. Kxd1 Nxf2+ 28. Kc2 
Nxd4+ 29. cxd4 Nd3+ 30. Kc3 N@d5# 
{RFrancisco forfeits on time} 0-1

[Event "fics rated crazyhouse match"]
[Site "fics, Oklahoma City, OK USA"]
[Date "2001.01.26"]
[White "KnightDog"]
[WhiteElo "2369"]
[Black "RFrancisco"]
[BlackElo "2417"]
[TimeControl "60+0"]
[Result "0-1"]

1. d4 e5 2. Bf4 exf4 3. e3 fxe3 4. fxe3 Qe7 5. Nf3 Qxe3+ 6. Qe2 
P@f2+ 7. Kd1 B@f4 8. Qxe3+ Bxe3 9. P@d2 P@e4 10. dxe3 exf3 11. Bc4 fxg2 
12. Bxf7+ Kxf7 13. B@d5+ P@e6 14. Bxg2 Q@g1+ 15. Rxg1 fxg1=Q+ 16. Q@e1 Qxe1+ 17. Kxe1 
Q@g1+ 18. Q@f1+ B@f2+ 19. Ke2 Qxf1+ 20. Bxf1 Q@e1+ 21. Kd3 Qxe3+ 22. Kc4 Qxd4+ 
23. Kb5 R@b4+ 24. Ka5 Nc6# 
{KnightDog checkmated} 0-1

[Event "fics rated crazyhouse match"]
[Site "fics, Oklahoma City, OK USA"]
[Date "2001.01.26"]
[White "RFrancisco"]
[WhiteElo "2424"]
[Black "KnightDog"]
[BlackElo "2361"]
[TimeControl "60+0"]
[Result "1-0"]

1. Nf3 Nc6 2. e4 e6 3. d4 Nf6 4. Nc3 Bb4 5. Bd3 d5 6. e5 
Ne4 7. Bd2 Nxf2 8. Kxf2 Nxd4 9. Rf1 Bc5 10. N@e3 P@f4 11. Kg1 fxe3 
12. Bxe3 Nxf3+ 13. Qxf3 Bxe3+ 14. Qxe3 d4 15. Qf3 B@e3+ 16. P@f2 N@h4 17. Qg3 
N@h5 18. Qg4 P@g6 19. fxe3 dxc3 20. B@g5 Qxg5 21. Qxg5 B@e7 22. B@f6 gxf6 
23. exf6 Bxf6 24. Rxf6 Nxf6 25. N@g7+ Kf8 26. Qxf6 N@h3+ 27. gxh3 R@g2+ 28. Kh1 
Rxh2+ 29. Kxh2 P@g3+ 30. Kxg3 B@e5+ 31. Qxe5 Nf5+ 32. Qxf5 P@h4+ 33. Kxh4 gxf5 
34. R@e8+ Kxg7 35. Q@h6+ Kxh6 36. B@g5+ Kg7 37. N@h5+ Kg6 38. N@f4# 
{KnightDog checkmated} 1-0

[Event "fics rated crazyhouse match"]
[Site "fics, Oklahoma City, OK USA"]
[Date "2001.01.26"]
[White "Blechkiste"]
[WhiteElo "2537"]
[Black "MrBug"]
[BlackElo "2291"]
[TimeControl "180+0"]
[Result "1-0"]

1. e4 e6 2. d4 Nc6 3. Be3 d5 4. e5 Nge7 5. Nh3 Nf5 6. Be2 
Be7 7. O-O O-O 8. Nc3 f6 9. exf6 Bxf6 10. P@e5 Bh4 11. g3 Be7 
12. Bh5 Bd7 13. Re1 Be8 14. Bg4 Bg6 15. Nf4 Qd7 16. Bxf5 Rxf5 17. Nxg6 
hxg6 18. B@g4 Raf8 19. Bxf5 Rxf5 20. R@a8+ B@f8 21. Rxf8+ Bxf8 22. B@g4 P@e4 
23. N@f4 R@g5 24. Bxf5 Rxf5 25. Nxg6 B@f3 26. R@h8+ Kf7 27. Nxf8 Bxd1 28. P@g6+ 
Ke7 29. B@g5+ B@f6 30. Nxd7 Bxg5 31. Q@e8# 
{MrBug checkmated} 1-0

[Event "fics rated crazyhouse match"]
[Site "fics, Oklahoma City, OK USA"]
[Date "2001.01.26"]
[White "MrBug"]
[WhiteElo "2288"]
[Black "Blechkiste"]
[BlackElo "2540"]
[TimeControl "180+0"]
[Result "0-1"]

1. e4 Nf6 2. Nc3 d5 3. exd5 Nxd5 4. d4 e6 5. Nf3 Nc6 6. Nxd5 
exd5 7. Bb5 Qe7+ 8. P@e5 P@g4 9. Ng5 h6 10. Nxf7 Qxf7 11. Bxc6+ bxc6 
12. Be3 N@c4 13. Bc1 B@a5+ 14. c3 Bxc3+ 15. bxc3 P@d2+ 16. Bxd2 N@d3# 
{MrBug resigns} 0-1

[Event "fics rated crazyhouse match"]
[Site "fics, Oklahoma City, OK USA"]
[Date "2001.01.26"]
[White "Blechkiste"]
[WhiteElo "2543"]
[Black "MrBug"]
[BlackElo "2285"]
[TimeControl "180+0"]
[Result "0-1"]

1. e4 e5 2. Bc4 Nc6 3. Nf3 Bc5 4. d3 Nf6 5. Bxf7+ Kxf7 6. P@d5 
d6 7. dxc6 bxc6 8. Ng5+ Ke7 9. N@f7 Qf8 10. Nxh8 Qxh8 11. h3 Bd7 
12. Nc3 Qf8 13. R@f7+ Qxf7 14. Nxf7 Kxf7 15. Bg5 B@e7 16. Na4 Bb6 17. Nxb6 
axb6 18. B@c4+ N@e6 19. Bxf6 Bxf6 20. Q@f5 R@g6 21. N@h5 N@h4 22. Nxf6 Nxf5 
23. Nxd7 Nh4 24. Bxe6+ Kxe6 25. N@f8+ Ke7 26. Nxg6+ hxg6 27. Qg4 Nxg2+ 28. Qxg2 
N@d4 29. B@d1 P@e2 30. Bxe2 N@f4 31. B@g5+ Kxd7 32. Bg4+ B@e6 33. Bxf4 exf4 
34. Bxe6+ Nxe6 35. P@b7 P@d2+ 36. Kxd2 B@e3+ 37. fxe3 fxe3+ 38. Kc1 P@d2+ 39. Kb1 
Q@c1+ 40. Rxc1 dxc1=Q+ 41. Kxc1 B@d2+ 42. Qxd2 exd2+ 43. Kxd2 B@e3+ 44. Kxe3 Q@f4+ 
45. Ke2 R@d2+ 46. Ke1 Qf2# 
{Blechkiste checkmated} 0-1

[Event "fics rated crazyhouse match"]
[Site "fics, Oklahoma City, OK USA"]
[Date "2000.01.27"]
[White "Igy"]
[WhiteElo "2258"]
[Black "Ebenfelt"]
[BlackElo "2336"]
[TimeControl "180+0"]
[Result "0-1"]

1. e4 e5 2. Nf3 Nc6 3. Bc4 Bc5 4. O-O Nf6 5. d3 h6 6. Nc3 
d6 7. Nh4 Bg4 8. Bxf7+ Kxf7 9. Qxg4 Nxg4 10. B@h5+ g6 11. Nxg6 Rg8 
12. Nf4+ Ke7 13. Ncd5+ Kd7 14. Bxg4+ Rxg4 15. P@e6+ Kc8 16. P@d7+ Kb8 17. N@f7 
exf4 18. Nxf4 Rxf4 19. Bxf4 N@h3+ 20. gxh3 N@f3+ 21. Kh1 B@g2+ 22. Kxg2 Nh4# 
{Igy resigns} 0-1

[Event "fics rated crazyhouse match"]
[Site "fics, Oklahoma City, OK USA"]
[Date "2000.01.27"]
[White "Ebenfelt"]
[WhiteElo "2344"]
[Black "Igy"]
[BlackElo "2252"]
[TimeControl "180+0"]
[Result "1-0"]

1. e4 Nf6 2. Nc3 d5 3. e5 Ne4 4. Nxe4 dxe4 5. d4 Nc6 6. Be3 
e6 7. Nh3 Bb4+ 8. c3 Be7 9. Be2 N@f5 10. O-O Bd7 11. Qd2 Bh4 
12. f3 exf3 13. Bxf3 P@g3 14. hxg3 Nxg3 15. Bh5 Nxh5 16. P@f2 Ne7 17. Qe2 
B@g6 18. P@g4 Ng3 19. fxg3 Bxg3 20. Bf4 Bxf4 21. Nxf4 Nd5 22. Nxd5 exd5 
23. N@f6+ gxf6 24. exf6+ P@e4 25. P@g7 Rg8 26. N@h6 Bxg4 27. Qxg4 B@e6 28. Nxg8 
Bxg4 29. R@f8+ Kd7 30. N@e5+ Ke6 31. Nxg4 N@e2+ 32. Kh2 P@g3+ 33. Kh1 Qd6 
34. Rxa8 P@f2 35. Re8+ Kf5 36. Ne3+ Kg5 37. B@h6# 
{Igy forfeits on time} 1-0

[Event "fics rated crazyhouse match"]
[Site "fics, Oklahoma City, OK USA"]
[Date "2000.01.27"]
[White "Lomboc"]
[WhiteElo "2209"]
[Black "JKiller"]
[BlackElo "2471"]
[TimeControl "60+0"]
[Result "0-1"]

1. e4 e6 2. Nc3 Nc6 3. Nf3 d5 4. d4 dxe4 5. Nxe4 Nf6 6. Nxf6+ 
gxf6 7. P@g5 P@e4 8. gxf6 exf3 9. P@g7 Bxg7 10. fxg7 Rg8 11. B@g5 P@f6 
12. Bh6 fxg2 13. Bxg2 N@h4 14. Bxc6+ bxc6 15. P@e2 B@a5+ 16. c3 P@c2 17. Qxc2 
N@f3+ 18. exf3 Nxf3+ 19. Kd1 P@g2 20. N@g3 gxh1=Q+ 21. Nxh1 R@e1# 
{Lomboc checkmated} 0-1

[Event "fics rated crazyhouse match"]
[Site "fics, Oklahoma City, OK USA"]
[Date "2000.01.27"]
[White "JKiller"]
[WhiteElo "2474"]
[Black "Lomboc"]
[BlackElo "2206"]
[TimeControl "60+0"]
[Result "0-1"]

1. e4 e6 2. Nc3 d5 3. exd5 exd5 4. Bb5+ Nc6 5. Qe2+ Be7 6. d4 
Bd7 7. Nf3 P@e4 8. Bxc6 bxc6 9. Ne5 Nf6 10. Nxf7 Kxf7 11. P@e6+ Kf8 
12. N@f7 Bxe6 13. Nxd8 Rxd8 14. P@h6 gxh6 15. Bxh6+ P@g7 16. Bxg7+ Kxg7 17. P@h6+ 
Kxh6 18. P@g5+ Kxg5 19. h4+ Kg6 20. h5+ Kf7 21. h6 B@f8 22. Rd1 Rg8 
23. f3 B@g3+ 24. Kd2 N@f4 25. Qe3 N@c4+ 26. Kc1 Nxe3 27. fxe4 P@b4 28. P@g7 
bxc3 29. gxf8=Q+ Bxf8 30. Q@b3 Q@a1+ 31. B@b1 Ne2# 
{JKiller checkmated} 0-1

[Event "fics rated crazyhouse match"]
[Site "fics, Oklahoma City, OK USA"]
[Date "2000.01.27"]
[White "Lomboc"]
[WhiteElo "2219"]
[Black "JKiller"]
[BlackElo "2461"]
[TimeControl "60+0"]
[Result "0-1"]

1. e3 e6 2. d4 Nf6 3. Nc3 b6 4. Nf3 Bb7 5. Be2 Bb4 6. O-O 
O-O 7. Bd2 Be7 8. e4 Bb4 9. e5 Bxc3 10. exf6 Bxb2 11. fxg7 Kxg7 
12. Rb1 Ba3 13. Bb4 Bxb4 14. Rxb4 B@h6 15. B@e3 Bxe3 16. fxe3 B@h6 17. B@f4 
Bxf4 18. exf4 B@e3+ 19. N@f2 Bxf4 20. B@d5 Bxd5 21. P@e4 Bb7 22. e5 Nc6 
23. Nh3 B@e3+ 24. Kh1 f6 25. Nxf4 Bxf4 26. exf6+ Rxf6 27. B@e5 Nxe5 28. dxe5 
Bxe5 29. Nxe5 Bxg2+ 30. Kxg2 N@h4+ 31. Kh3 B@g2+ 32. Kxh4 Rf4+ 33. Kg3 Qh4+ 
34. Kxg2 P@h3+ 35. Kg1 P@f2# 
{Lomboc resigns} 0-1

[Event "fics rated crazyhouse match"]
[Site "fics, Oklahoma City, OK USA"]
[Date "2000.01.28"]
[White "Firefly"]
[WhiteElo "2527"]
[Black "TeemuTH"]
[BlackElo "2135"]
[TimeControl "180+0"]
[Result "1-0"]

1. e4 e6 2. Nc3 d5 3. exd5 exd5 4. Nf3 Nf6 5. Bb5+ Nc6 6. Qe2+ 
Be7 7. d4 Bg4 8. P@a6 Bxf3 9. gxf3 O-O 10. axb7 Nxd4 11. bxa8=Q Qxa8 
12. Rg1 P@g6 13. P@h6 Nxe2 14. Nxe2 N@h4 15. B@h1 P@h3 16. hxg7 P@g2 17. gxf8=Q+ 
Bxf8 18. Bxg2 hxg2 19. R@h3 B@a5+ 20. P@c3 Nf5 21. Rxg2 Qb7 22. a4 d4 
23. P@c6 Qb6 24. P@e4 dxc3 25. bxc3 Qc5 26. P@b4 Bxb4 27. cxb4 Qxb4+ 28. B@c3 
Qd6 29. R@d3 Nd4 30. Rxd4 Qxd4 31. Bxd4 R@d6 32. e5 Rxd4 33. Nxd4 
{TeemuTH forfeits on time} 1-0

[Event "fics rated crazyhouse match"]
[Site "fics, Oklahoma City, OK USA"]
[Date "2000.01.28"]
[White "TheLongOne"]
[WhiteElo "2083"]
[Black "LSS"]
[BlackElo "2339"]
[TimeControl "180+0"]
[Result "0-1"]

1. e4 e6 2. Nf3 Nc6 3. d4 Nf6 4. Bd3 d5 5. Nc3 Bb4 6. exd5 
exd5 7. Bd2 Bxc3 8. Qe2+ P@e4 9. bxc3 Qe7 10. Bg5 exd3 11. Qxe7+ Nxe7 
12. B@b5+ Bd7 13. Bxd3 B@b2 14. Rb1 Bxc3+ 15. P@d2 P@e4 16. Bxf6 exd3 17. Q@e3 
Q@e2+ 18. Qxe2 dxe2 19. Q@e5 Q@e6 20. P@d3 Qxe5 21. Bxe5 N@b2 22. Rxb2 Bxb2 
23. Kxe2 B@e4 24. dxe4 dxe4 25. B@c4 exf3+ 26. gxf3 P@d5 27. Bxg7 N@f4+ 28. Kd1 
Q@c1# 
{TheLongOne checkmated} 0-1

[Event "fics rated crazyhouse match"]
[Site "fics, Oklahoma City, OK USA"]
[Date "2000.01.28"]
[White "LSS"]
[WhiteElo "2342"]
[Black "TheLongOne"]
[BlackElo "2080"]
[TimeControl "180+0"]
[Result "1-0"]

1. e4 e6 2. Nf3 Nc6 3. d4 Nf6 4. Bd3 d5 5. e5 Ne4 6. O-O 
Be7 7. Nbd2 Nb4 8. Nxe4 Nxd3 9. cxd3 dxe4 10. dxe4 B@b5 11. N@h5 N@e2+ 
12. Kh1 Nxc1 13. Nxg7+ Kd7 14. Rxc1 B@e2 15. d5 Bbd3 16. P@c6+ bxc6 17. dxc6# 
{TheLongOne checkmated} 1-0

[Event "fics rated crazyhouse match"]
[Site "fics, Oklahoma City, OK USA"]
[Date "2000.01.28"]
[White "Tecumseh"]
[WhiteElo "2233"]
[Black "Igy"]
[BlackElo "2246"]
[TimeControl "180+0"]
[Result "1-0"]

1. e4 e6 2. d4 Nc6 3. Nf3 Nf6 4. e5 Ne4 5. Bd3 d5 6. exd6 
Nxd6 7. Nbd2 Nf5 8. c3 P@e3 9. fxe3 Nxe3 10. Qe2 Nd5 11. P@f2 Nf4 
12. Qf1 e5 13. Nb3 Nxd3+ 14. Qxd3 B@g6 15. P@e4 exd4 16. Nbxd4 Nxd4 17. cxd4 
N@b4 18. Qb5+ c6 19. Qe5+ Qe7 20. N@c7+ Kd8 21. Nxa8 Qxe5 22. dxe5 Nc2+ 
23. Kd2 Bb4+ 24. P@c3 Bxe4 25. Q@c7# 
{Igy resigns} 1-0

[Event "fics rated crazyhouse match"]
[Site "fics, Oklahoma City, OK USA"]
[Date "2000.01.28"]
[White "Igy"]
[WhiteElo "2238"]
[Black "Tecumseh"]
[BlackElo "2241"]
[TimeControl "180+0"]
[Result "0-1"]

1. e4 Nc6 2. Nc3 Nf6 3. Nf3 d5 4. exd5 Nxd5 5. Bc4 e6 6. d4 
Be7 7. O-O P@g4 8. Ne5 Nxe5 9. dxe5 Nxc3 10. Qxg4 N@e2+ 11. Bxe2 Nxe2+ 
12. Qxe2 B@f5 13. P@c3 Bd7 14. Bf4 Bc6 15. Rad1 Qxd1 16. Rxd1 N@h3+ 17. Kh1 
Bxg2+ 18. Kxg2 Nxf4+ 19. Kf3 B@c6+ 20. Kxf4 R@g4+ 21. Qxg4 Bxg4 22. P@d7+ Bxd7 
23. Kxg4 P@f5+ 24. Kf3 Q@e4+ 25. Kg3 Qg4# 
{Igy checkmated} 0-1

[Event "fics rated crazyhouse match"]
[Site "fics, Oklahoma City, OK USA"]
[Date "2000.01.28"]
[White "Tecumseh"]
[WhiteElo "2249"]
[Black "Igy"]
[BlackElo "2230"]
[TimeControl "180+0"]
[Result "1-0"]

1. e4 Nf6 2. e5 Nd5 3. Nc3 e6 4. Nf3 d6 5. Be2 Nc6 6. d4 
dxe5 7. dxe5 Bb4 8. Bd2 P@e3 9. fxe3 Bxc3 10. bxc3 N@e4 11. B@h4 Qd7 
12. P@b2 Nce7 13. O-O Nf5 14. P@d3 Nxd2 15. Qxd2 Ndxe3 16. N@h5 Nxf1 17. Rxf1 
P@e7 18. N@e3 B@h6 19. Nxf5 Bxd2 20. Nfxg7+ Kd8 21. Bxe7+ Qxe7 22. P@f6 Be3+ 
23. Kh1 Qc5 24. N@e4 Qd5 25. P@e7+ Kd7 26. Nxe6 Qxe6 27. P@f2 B@h3 28. gxh3 
Qxh3 29. Nc5+ Bxc5 30. Rg1 Qxh5 31. B@g2 Bxf2 32. Nd4 Qxh2+ 33. Kxh2 P@g3+ 
34. Kh3 R@h2+ 35. Kg4 Q@h5+ 36. Kf4 N@d5+ 37. Ke4 N@e6 38. Kxd5 Nf4+ 39. Kc4 
N@b6+ 40. Kb4 P@a4 41. Ka3 
{Igy forfeits on time} 1-0

[Event "fics rated crazyhouse match"]
[Site "fics, Oklahoma City, OK USA"]
[Date "2001.01.28"]
[White "Thufir"]
[WhiteElo "2353"]
[Black "JiggaB"]
[BlackElo "2307"]
[TimeControl "60+0"]
[Result "1-0"]

1. e4 d5 2. Nf3 e6 3. exd5 exd5 4. d4 Nf6 5. Nc3 Be7 6. Bb5+ 
Bd7 7. Bxd7+ Nbxd7 8. P@e5 Ne4 9. Nxd5 B@c6 10. Nxe7 Qxe7 11. B@h4 f6 
12. P@d3 Nxf2 13. Bxf2 fxe5 14. dxe5 Bxf3 15. Qxf3 Nxe5 16. P@f7+ Nxf7+ 17. Qe3 
Qxe3+ 18. Bcxe3 P@d7 19. N@f5 Q@f6 20. B@h3 P@e6 21. B@c3 exf5 22. Bxf6 gxf6 
23. Bxf5 B@a5+ 24. P@c3 P@e6 25. Bh3 N@a4 26. Rb1 Nxb2 27. O-O Bxc3 28. Bxa7 
P@e2 29. Rfc1 P@d2 30. P@g7 Rg8 31. Q@h8 Nxh8 32. gxh8=Q Rxh8 33. N@g7+ Kf7 
34. Nxe6 dxe6 35. Bxe6+ Kxe6 36. P@f5+ Kd7 37. P@e6+ Ke7 38. Q@d7+ Kf8 39. Qf7# 
{JiggaB checkmated} 1-0

[Event "fics rated crazyhouse match"]
[Site "fics, Oklahoma City, OK USA"]
[Date "2001.01.28"]
[White "JiggaB"]
[WhiteElo "2300"]
[Black "Thufir"]
[BlackElo "2360"]
[TimeControl "60+0"]
[Result "1-0"]

1. e4 e6 2. Nc3 Nc6 3. d4 Bb4 4. Be3 Nf6 5. Bd3 d5 6. e5 
Ne4 7. Bxe4 dxe4 8. Nh3 B@f5 9. Nf4 Bxc3+ 10. bxc3 N@d5 11. Nh5 Rg8 
12. B@g5 Qd7 13. N@c5 Nxc3 14. Nxd7 Nxd1 15. Nxg7+ Kxd7 16. Nxf5 Nxe3 17. Bxe3 
Q@c3+ 18. B@d2 Qxa1+ 19. Q@c1 Qxa2 20. N@c5+ Ke8 21. P@b5 P@b2 22. Qd1 Nd8 
23. Nxe6 Bxe6 24. P@e7 Bxf5 25. exd8=Q+ Kxd8 26. N@f6 Rf8 27. Bg5 B@e7 28. Nxe4 
Bxe4 29. Bxe7+ Kxe7 30. Bg5+ f6 31. exf6+ Kd7 32. B@h3+ P@f5 33. O-O B@g4 
34. Bxg4 fxg4 35. Qxg4+ B@f5 36. P@e6+ Kxe6 37. B@f3 Kd7 38. P@d5 N@e2+ 39. Bxe2 
Bxg4 40. N@e5+ Kc8 41. P@d7+ Kb8 42. d8=Q# 
{Thufir forfeits on time} 1-0

[Event "fics rated crazyhouse match"]
[Site "fics, Oklahoma City, OK USA"]
[Date "2001.01.28"]
[White "Thufir"]
[WhiteElo "2351"]
[Black "JiggaB"]
[BlackElo "2309"]
[TimeControl "60+0"]
[Result "1-0"]

1. e4 d5 2. exd5 Qxd5 3. Nc3 Qd8 4. d4 Nf6 5. Nf3 e6 6. Bb5+ 
Bd7 7. Bxd7+ Nbxd7 8. Bg5 Be7 9. P@e5 Nd5 10. Bxe7 Qxe7 11. Nxd5 exd5 
12. N@h5 B@a5+ 13. B@c3 Bxc3+ 14. bxc3 Rg8 15. B@h4 f6 16. O-O P@g6 17. exf6 
gxf6 18. Nf4 B@c6 19. P@b5 Bxb5 20. Nxd5 Qd6 21. B@b3 P@c4 22. Nxf6+ Nxf6 
23. Bxf6 Qxf6 24. P@e5 Qf7 25. N@f6+ Kf8 26. Nxg8 Kxg8 27. P@f6 B@f8 28. Bxc4 
Bxc4 29. P@g7 Bxg7 30. fxg7 Qxg7 31. B@f6 B@h8 32. Bxg7 Bxg7 33. Ng5 B@d5 
34. f3 B@e3+ 35. Kh1 Bxg5 36. Rb1 P@b6 37. R@d7 N@e6 38. Qe2 N@f8 39. Q@f7+ 
Kh8 40. Qf2 P@e7 41. Rxe7 Bxe7 42. Qxe7 P@h3 43. P@f6 hxg2+ 44. Qxg2 Bxf3 
45. fxg7+ Nxg7 46. Rxf3 
{JiggaB forfeits on time} 1-0

[Event "fics rated crazyhouse match"]
[Site "fics, Oklahoma City, OK USA"]
[Date "2001.01.28"]
[White "JiggaB"]
[WhiteElo "2302"]
[Black "Thufir"]
[BlackElo "2358"]
[TimeControl "60+0"]
[Result "0-1"]

1. e4 e6 2. Nc3 Nc6 3. d4 Nf6 4. Be3 Bb4 5. Bd3 d5 6. e5 
Ne4 7. Bxe4 dxe4 8. Nh3 B@g6 9. Nf4 Bxc3+ 10. bxc3 N@d5 11. B@b5 Nxc3 
12. Bxc6+ bxc6 13. Qd2 Nd5 14. Nxd5 exd5 15. Bg5 P@e7 16. N@f4 N@c4 17. Qe2 
B@c3+ 18. Kf1 Bxa1 19. Nxg6 hxg6 20. B@b3 R@b1+ 21. N@e1 Bxd4 22. Bxc4 dxc4 
23. e6 Bxe6 24. N@f4 N@c3 25. Nxe6 fxe6 26. B@e3 Nxe2 27. Bxd4 Nxd4 28. B@f7+ 
Kf8 29. Bxg6 P@e2+ 30. Kg1 Q@f1# 
{JiggaB checkmated} 0-1

[Event "fics rated crazyhouse match"]
[Site "fics, Oklahoma City, OK USA"]
[Date "2001.01.28"]
[White "Thufir"]
[WhiteElo "2365"]
[Black "JiggaB"]
[BlackElo "2295"]
[TimeControl "60+0"]
[Result "1-0"]

1. e4 e6 2. d4 Nc6 3. Nc3 Nf6 4. e5 Nd5 5. Nxd5 exd5 6. Bb5 
Bb4+ 7. c3 Be7 8. N@f5 Rg8 9. Bxc6 dxc6 10. Nxe7 Qxe7 11. Nf3 Bg4 
12. B@e2 Bxf3 13. Bxf3 N@h4 14. B@g5 Nxf3+ 15. Qxf3 B@e4 16. Bxe7 Bxf3 17. gxf3 
N@c2+ 18. Kd2 Nxa1 19. B@f5 N@c4+ 20. Ke2 Kxe7 21. Q@d7+ Kf8 22. N@g6+ hxg6 
23. N@h7# 
{JiggaB checkmated} 1-0

[Event "fics rated crazyhouse match"]
[Site "fics, Oklahoma City, OK USA"]
[Date "2001.01.28"]
[White "JiggaB"]
[WhiteElo "2289"]
[Black "Thufir"]
[BlackElo "2371"]
[TimeControl "60+0"]
[Result "1-0"]

1. d4 e6 2. Nf3 Nc6 3. Nc3 Nf6 4. Bg5 Bb4 5. Ne5 h6 6. Bh4 
Bxc3+ 7. bxc3 N@f5 8. Bxf6 Qxf6 9. e4 Nxe5 10. exf5 Nc6 11. fxe6 dxe6 
12. N@e4 Qf4 13. B@f3 B@b2 14. N@h5 P@d2+ 15. Qxd2 Qxd2+ 16. Nxd2 Bxc3 17. Nxg7+ 
Kd8 18. Bxc6 Bxd2+ 19. Kxd2 P@c3+ 20. Kxc3 bxc6 21. P@e7+ Kxe7 22. P@f6+ Kxf6 
23. B@e5+ Kg6 24. Q@f6+ Kh7 25. Bd3+ P@f5 26. Nh5 N@d5+ 27. Kd2 B@c3+ 28. Ke2 
Q@d2+ 29. Kf1 Nxf6 30. Nxf6+ Kg6 31. N@h4+ Kg5 32. Nf3+ Kg6 33. N@h4+ Kg7 
34. Ne4+ Kf8 35. P@g7+ Ke8 36. gxh8=Q+ N@f8 37. Qxf8+ Kd7 38. Nfxd2 P@e2+ 39. Bxe2 
Q@e1+ 40. Rxe1 c5 41. Q@e7+ Kc6 42. Qxc5+ Kb7 43. Qfd6 Kb8 44. Qdxc7# 
{Thufir checkmated} 1-0

[Event "fics rated crazyhouse match"]
[Site "fics, Oklahoma City, OK USA"]
[Date "2001.01.28"]
[White "Thufir"]
[WhiteElo "2361"]
[Black "JiggaB"]
[BlackElo "2299"]
[TimeControl "60+0"]
[Result "1-0"]

1. e4 e6 2. d4 Nc6 3. Nc3 Nf6 4. e5 Nd5 5. Nxd5 exd5 6. Bb5 
Bb4+ 7. c3 Be7 8. Qe2 d6 9. N@h5 Rg8 10. exd6 cxd6 11. P@f6 gxf6 
12. Nxf6+ Kf8 13. Nxh7+ Kg7 14. P@f6+ Kxh7 15. fxe7 Qe8 16. Bxc6 bxc6 17. N@f6+ 
Kh8 18. Nxe8 Rxe8 19. B@f6# 
{JiggaB resigns} 1-0

[Event "fics rated crazyhouse match"]
[Site "fics, Oklahoma City, OK USA"]
[Date "2001.01.28"]
[White "JiggaB"]
[WhiteElo "2292"]
[Black "Thufir"]
[BlackElo "2368"]
[TimeControl "60+0"]
[Result "0-1"]

1. d4 e6 2. Nf3 Nc6 3. Nc3 Nf6 4. Bg5 Be7 5. Ne5 d6 6. Nxc6 
bxc6 7. e4 Rb8 8. Rb1 e5 9. dxe5 dxe5 10. Bxf6 Bxf6 11. Bc4 P@e6 
12. N@h5 Rg8 13. Nxf6+ Qxf6 14. N@g4 Qg5 15. h4 Qe7 16. Nxe5 B@d7 17. B@g5 
f6 18. P@f7+ Qxf7 19. Nxf7 Kxf7 20. Bxf6 gxf6 21. P@g5 B@f4 22. gxf6 P@d2+ 
23. Kf1 Kxf6 24. P@g5+ Ke7 25. Q@f6+ Kd6 26. e5+ Kc5 27. Ne4+ Kxc4 28. Qe2+ 
Kb4 29. c3+ Ka5 30. b4+ Kb6 31. P@c5+ Kb7 32. b5 cxb5 33. c6+ Bxc6 
34. Nc5+ Ka8 35. Qxd2 Bxd2 36. P@a6 Bxa6 37. Nxa6 B@c4+ 38. Kg1 N@e2+ 39. Kh2 
Bxg2 40. B@b7+ Kxb7 41. Nc5+ Ka8 42. Nb3 N@f3+ 43. Kxg2 Nxh4+ 44. Kh3 P@g4+ 
45. Kxh4 N@g6# 
{JiggaB forfeits on time} 0-1

[Event "fics rated crazyhouse match"]
[Site "fics, Oklahoma City, OK USA"]
[Date "2001.01.28"]
[White "Thufir"]
[WhiteElo "2374"]
[Black "JiggaB"]
[BlackElo "2286"]
[TimeControl "60+0"]
[Result "0-1"]

1. e4 Nc6 2. Nc3 e6 3. d4 Nf6 4. e5 Nd5 5. Nxd5 exd5 6. Bb5 
Bb4+ 7. c3 Be7 8. N@f5 Rg8 9. Nf3 d6 10. exd6 cxd6 11. Nxe7 Qxe7+ 
12. P@e5 Bd7 13. Bxc6 Bxc6 14. N@f5 Qe6 15. Nxd6+ Kd7 16. B@f5 Qxf5 17. Nxf5 
B@f8 18. P@d6 B@b6 19. Bg5 h6 20. Bxh6 gxh6 21. P@e7 Bg7 22. Nxg7 Rxg7 
23. B@f6 Rgg8 24. Q@h7 B@g6 25. Qxh6 N@c2+ 26. Kf1 Bb5+ 27. P@e2 Nxa1 28. Qxa1 
R@b1+ 29. Qxb1 Bxb1 30. N@f8+ Kc6 31. R@e1 Bxe2+ 32. Rxe2 Q@d1+ 33. B@e1 Bd3 
34. Qe3 Bxe2+ 35. Qxe2 Qxe2+ 36. Kxe2 N@f4+ 37. Ke3 Q@e4+ 38. Kd2 R@c2+ 39. Kd1 
P@e2# 
{Thufir checkmated} 0-1

[Event "fics rated crazyhouse match"]
[Site "fics, Oklahoma City, OK USA"]
[Date "2001.01.28"]
[White "JiggaB"]
[WhiteElo "2296"]
[Black "Thufir"]
[BlackElo "2364"]
[TimeControl "60+0"]
[Result "1-0"]

1. e4 e6 2. Nc3 Nc6 3. d4 Bb4 4. Be3 Nf6 5. Bd3 d5 6. e5 
Ne4 7. Bxe4 dxe4 8. Nh3 B@a5 9. Bd2 Qxd4 10. N@h5 Qxe5 11. O-O P@f3 
12. Bf4 Qf5 13. Nxg7+ Kf8 14. Nxf5 exf5 15. Bh6+ P@g7 16. Bxg7+ Kxg7 17. P@h6+ 
Kf6 18. Q@g5+ Ke6 19. Qd5# 
{Thufir checkmated} 1-0

[Event "fics rated crazyhouse match"]
[Site "fics, Oklahoma City, OK USA"]
[Date "2000.01.29"]
[White "Lomboc"]
[WhiteElo "2232"]
[Black "JKiller"]
[BlackElo "2451"]
[TimeControl "60+0"]
[Result "1-0"]

1. e4 e6 2. Nc3 d6 3. d4 Nf6 4. Nf3 Be7 5. Bg5 O-O 6. Bd3 
Nc6 7. O-O Ng4 8. Bxe7 Qxe7 9. B@h4 f6 10. d5 exd5 11. exd5 Nce5 
12. Nxe5 Nxe5 13. N@f5 Bxf5 14. Bxf5 P@g6 15. Be6+ Kh8 16. Ne4 B@h5 17. f3 
N@e3 18. Qd2 Nxf1 19. Rxf1 N@c4 20. Qc3 c6 21. P@d4 cxd5 22. Bxd5 P@e2 
23. Re1 R@d1 24. dxe5 Rxe1+ 25. Qxe1 R@d1 26. R@c1 Rxe1+ 27. Rxe1 Qxe5 28. R@g8# 
{JKiller resigns} 1-0

[Event "fics rated crazyhouse match"]
[Site "fics, Oklahoma City, OK USA"]
[Date "2000.01.29"]
[White "JKiller"]
[WhiteElo "2439"]
[Black "Lomboc"]
[BlackElo "2244"]
[TimeControl "60+0"]
[Result "1-0"]

1. e4 e6 2. Nc3 Nf6 3. e5 d5 4. d4 Ne4 5. Nxe4 dxe4 6. N@g5 
Nc6 7. Be3 N@d5 8. Nxe4 Nxe3 9. fxe3 B@g6 10. N@f6+ gxf6 11. Nxf6+ Qxf6 
12. exf6 Bb4+ 13. c3 Bd6 14. Nh3 N@c2+ 15. Kf2 N@e4+ 16. Kg1 Nxf6 17. P@g7 
Rg8 18. P@e5 Be7 19. exf6 Bxf6 20. Bd3 Nxa1 21. Bxg6 hxg6 22. Qxa1 P@d2 
23. N@d3 B@f5 24. B@g5 Bxg5 25. Nxg5 Bxd3 26. N@f6+ Ke7 27. Nxg8+ Kd6 28. Q@c5+ 
Kd7 29. Nf6+ Kd8 30. R@e8# 
{Lomboc checkmated} 1-0

[Event "fics rated crazyhouse match"]
[Site "fics, Oklahoma City, OK USA"]
[Date "2000.01.29"]
[White "Lomboc"]
[WhiteElo "2240"]
[Black "JKiller"]
[BlackElo "2443"]
[TimeControl "60+0"]
[Result "0-1"]

1. e4 e6 2. d4 d6 3. Nc3 Nf6 4. Nf3 Be7 5. Bg5 O-O 6. e5 
Ng4 7. Bxe7 Qxe7 8. B@h4 f6 9. Be2 Nd7 10. exf6 gxf6 11. O-O P@g7 
12. h3 Nh6 13. d5 Nc5 14. Bc4 Nf5 15. dxe6 Nxe6 16. Bxe6+ Bxe6 17. P@d5 
Bc8 18. N@d4 Nxh4 19. Nxh4 B@e5 20. Ndf5 Qf7 21. N@h6+ gxh6 22. Nxh6+ Kh8 
23. Nxf7+ Rxf7 24. P@h6 B@f8 25. P@g7+ Bxg7 26. hxg7+ Rxg7 27. B@h6 B@f8 28. Bxg7+ 
Bxg7 29. R@e8+ B@f8 30. Rxf8+ Bxf8 31. B@e6 Bxe6 32. dxe6 B@g8 33. B@f7 Bxf7 
34. exf7 N@h6 35. B@g3 Bxg3 36. fxg3 B@b6+ 37. B@f2 Bxf2+ 38. Rxf2 Nxf7 39. B@d4 
P@e3 40. Rxf6 B@g7 
{Lomboc forfeits on time} 0-1

[Event "fics rated crazyhouse match"]
[Site "fics, Oklahoma City, OK USA"]
[Date "2000.01.29"]
[White "JKiller"]
[WhiteElo "2447"]
[Black "Lomboc"]
[BlackElo "2236"]
[TimeControl "60+0"]
[Result "1-0"]

1. e4 e6 2. d4 d6 3. Nc3 Nf6 4. Nf3 Nc6 5. d5 Ne5 6. Nxe5 
dxe5 7. Bb5+ Bd7 8. dxe6 fxe6 9. Bxd7+ Nxd7 10. P@f5 exf5 11. exf5 Bc5 
12. P@e6 O-O 13. exd7 Rxf5 14. B@e6+ P@f7 15. Bxf5 B@g6 16. R@e8+ Qxe8 17. dxe8=Q+ 
Rxe8 18. Bxg6 hxg6 19. B@h7+ Kxh7 20. N@g5+ Kg8 21. N@f6+ Kf8 22. Q@g8+ Ke7 
23. Qxf7# 
{Lomboc checkmated} 1-0